 Dungeon Crawl Stone Soup version 0.18-a0-1677-g2bdad6c (webtiles) character file.

755986 namelastname112 the Draconian Ballista (level 27, -12/173 HPs)
             Began as a Black Draconian Gladiator on Mar 29, 2016.
             Was the Champion of Okawaru.
             Killed from afar by an orb of fire (16 damage)
             ... with a fireball
             ... on level 5 of the Realm of Zot on Apr 3, 2016.
             The game lasted 03:22:08 (85874 turns).

namelastname112 the Draconian Ballista (DrGl)      Turns: 85874, Time: 03:22:09

Health: -12/173    AC: 30    Str:  9      XL:     27
Magic:  0/28       EV: 38    Int:  8 (10) God:    Okawaru [******]
Gold:   8281       SH:  0    Dex: 23 (24) Spells: 7 memorised, 20 levels left

rFire  + . .     SeeInvis .     T - +9 executioner's axe (elec)
rCold  + . .     Gourm    .     (armour unavailable)
rNeg   + + +     Faith    .     (shield currently unavailable)
rPois  +         Spirit   +     b - +2 hat {MR+}
rElec  +         Dismiss  .     v - +1 cloak {rC+}
rCorr  .         Reflect  .     o - +2 pair of fencer's gloves {LBl+4 SBl+4 EV+3 Dex+6}
SustAt .         Harm     .     t - +1 pair of boots "Roowig" {MR+ Str-5 Int+3 Stlth+}
MR     +++++     Rnd*Rage +     O - amulet "Illeoqa" {Spirit *Drain rPois rN+++ MR+}
Stlth  +++.......               H - ring of the Rabble {rF+ rN+}
                                R - ring of Robustness {AC+8}

@: flying, almost entirely resistant to hostile enchantments, fairly stealthy
A: breathe lightning, unfitting armour, big wings, talons 1, berserk 2, blurry
vision 3, clumsy 2, deterioration 2, dopey 2, frail 3, low mp 2, screaming 2,
electricity resistance, slow regeneration 2, weak 2, cold-blooded, subdued magic
2, MP-powered wands, AC +13
a: Breathe Lightning, Stop Flying, Heroism, Finesse, Renounce Religion
}: 3/15 runes: barnacled, slimy, silver


You were on level 5 of the Realm of Zot.
You worshipped Okawaru.
Okawaru was exalted by your worship.
You were not hungry.

You visited 11 branches of the dungeon, and saw 57 of its levels.
You visited the Abyss 3 times.
You also visited: Labyrinth, Sewer, Ice Cave and Wizlab.

You collected 9852 gold pieces.
You spent 1571 gold pieces at shops.

Inventory:

Hand Weapons
 I - the +5 pair of quick blades "Gyre" and "Gimble" {pierce, Dex-3}
   (You found it on level 3 of the Elven Halls)

   It inflicts extra damage upon your enemies.
   It affects your dexterity (-3).
 T - a +9 executioner's axe of electrocution (weapon)
Missiles
 c - 16 throwing nets
 j - 30 silver javelins (quivered)
 k - 31 javelins of penetration
 U - 42 poisoned javelins
Armour
 b - a +2 hat of magic resistance (worn)
 o - the +2 pair of fencer's gloves (worn) {LBl+4 SBl+4 EV+3 Dex+6}
   (You found it on level 1 of the Depths)

   It affects your evasion (+3).
   It affects your dexterity (+6).
 t - the +1 pair of boots "Roowig" (worn) {MR+ Str-5 Int+3 Stlth+}
   (Okawaru gifted it to you on level 3 of the Vaults)

   It affects your strength (-5).
   It affects your intelligence (+3).
   It affects your resistance to hostile enchantments.
   It makes you more stealthy.
 v - a +1 cloak of cold resistance (worn)
Jewellery
 s - the ring of Shaolin {EV+8}
   (You found it on level 14 of the Dungeon)

   [ring of evasion]

   It affects your evasion (+8).
 H - the ring of the Rabble (right hand) {rF+ rN+}
   (You found it on level 3 of the Depths)

   [ring of protection from fire]

   It protects you from fire.
   It protects you from negative energy.
 O - the amulet "Illeoqa" (around neck) {Spirit *Drain rPois rN+++ MR+}
   (You took it off a vault guard on level 5 of the Vaults)

   [amulet of guardian spirit]

   It causes incoming damage to be split between your health and magic.
   It protects you from poison.
   It renders you almost immune to negative energy.
   It affects your resistance to hostile enchantments.
   It causes draining when unequipped.
 R - the ring of Robustness (left hand) {AC+8}
   (You found it on level 6 of the Pits of Slime)

   [ring of protection]

   It affects your AC (+8).
 V - a +5 ring of slaying
Wands
 f - a wand of teleportation (3/9)
 i - a wand of heal wounds (9/9)
 q - a wand of teleportation (4/9)
 u - a wand of disintegration (13/24)
 x - a wand of iceblast (8/15)
 A - a wand of iceblast (5/15)
 F - a wand of disintegration (1/24)
 M - a wand of digging (0/24)
 Q - a wand of teleportation (5/9)
Scrolls
 e - 5 scrolls of silence
 h - 3 scrolls of teleportation
 p - 6 scrolls of fear
 w - a scroll of brand weapon
 D - 6 scrolls of identify
 J - 2 scrolls of summoning
 P - 7 scrolls of magic mapping
 S - 26 scrolls of remove curse
 Y - 8 scrolls of fog
 Z - a scroll of recharging
Potions
 a - 4 potions of berserk rage
 g - 8 potions of haste
 l - 6 potions of might
 m - 5 potions of agility
 y - 4 potions of magic
 z - 2 potions of cure mutation
 B - 2 potions of cancellation
 C - 12 potions of brilliance
 E - 17 potions of curing
 L - 3 potions of invisibility
 W - 5 potions of resistance
 X - a potion of heal wounds
Miscellaneous
 r - a fan of gales
Comestibles
 d - 28 bread rations
 n - 5 slices of pizza
 G - 4 fruits


   Skills:
 - Level 20.6 Fighting
 - Level 5.4(9.4) Short Blades
 - Level 22.9 Axes
 O Level 27 Throwing
 + Level 22.5 Dodging
 - Level 8.0 Spellcasting
 - Level 9.0 Charms
 - Level 4.4 Necromancy
 - Level 10.0 Air Magic
 - Level 12.1 Invocations


You had 20 spell levels left.
You knew the following spells:

 Your Spells              Type           Power        Failure   Level  Hunger
a - Apportation           Tloc           #.........   4%          1    None
b - Repel Missiles        Chrm/Air       #.....       0%          2    ##.....
c - Portal Projectile     Tloc           #.....       30%         3    ###....
d - Regeneration          Chrm/Necr      #.........   1%          3    ###....
e - Blink                 Tloc           N/A          9%          2    ##.....
f - Silence               Hex/Air        #.........   41%         5    ######.
g - Deflect Missiles      Chrm/Air       #.........   32%         6    #######


Dungeon Overview and Level Annotations

Branches:
Dungeon (15/15)            Temple (1/1) D:4            Lair (8/8) D:8
 Shoals (4/4) Lair:4       Spider (0/4) Lair:4        Slime (6/6) Lair:8
    Orc (2/2) D:10            Elf (3/3) Orc:2        Vaults (5/5) D:13
  Crypt (3/3) Vaults:3       Tomb (0/3) Crypt:3      Depths (5/5) D:15
    Zot (5/5) Depths:5

Altars:
Ashenzari
Cheibriados
Dithmenos
Elyvilon
Fedhas
Gozag
Kikubaaqudgha
Makhleb
Nemelex Xobeh
Okawaru
Pakellas
Qazlal
Ru
Sif Muna
Trog
Vehumet
Xom
Yredelemnul
Zin
The Shining One
Beogh
Jiyva

Shops:
D:7 =   D:8 *   D:12 }   Orc:2 *(*(*   Vaults:2 }   Vaults:4 **[   Depths:1 }

Portals:
Hell: Depths:1 Depths:2 Depths:3 Depths:4 Depths:5
Abyss: Depths:3 Depths:4
Pandemonium: Depths:3 Depths:5
Ziggurat: Depths:3

Annotations:
D:14 exclusion: orange crystal statue
Elf:2 3 runed doors


Innate Abilities, Weirdness & Mutations

You can breathe wild blasts of lightning.
Your glossy black scales are hard (AC +13).
Your body does not fit into most forms of armour.
Your large and strong wings let you fly indefinitely.
You are resistant to electric shocks.
You are cold-blooded and may be slowed by cold attacks.
You have sharp toenails.
You often lose your temper in combat.
Scrolls take you much longer to read.
You are very clumsy. (Dex -4)
Your body often deteriorates upon taking damage.
You are very dopey. (Int -4)
You are extremely frail (-30% HP).
Your magical capacity is very low (-20% MP).
You sometimes yell uncontrollably at your foes.
You do not regenerate naturally when monsters are visible.
You are very weak. (Str -4)
Your spells are easier to cast, but less powerful.
You expend magic power (3 MP) to strengthen your wands.


Message History

The fireball explodes!
The fireball engulfs you! You resist.
The fireball engulfs the orb of fire.
The orb of fire completely resists.
The ancient lich shouts!
You slash the orb of fire!
You tail-slap the orb of fire, but do no damage.
The orb of fire is almost destroyed.
You hit the orb of fire but do no damage.
The orb of fire is almost destroyed.
The orb of fire glows yellow.
The fireball explodes!
The fireball engulfs you! You resist.
* * * LOW HITPOINT WARNING * * *
The fireball engulfs the orb of fire.
The orb of fire completely resists.
You hit the orb of fire but do no damage.
The orb of fire is almost destroyed.
The ancient lich points at you and mumbles some strange words.
The iron shot hits you!
* * * LOW HITPOINT WARNING * * *
The orb of fire emits a lurid red light.
The fireball explodes!
The fireball engulfs you! You resist.
You die...

.....≈...≈≈...........###(......#
)[)........8....8....###.......##
#)).....#######....(###.......##
#.......# #....###.......##
........########..###.......##
..................##..#....##
..................#.L##...##
....................##...##
.........(....(*@..##...##
..(..........(....##...##
.)..8......(.....##...##
................##...##
.........(..#####...##
.........<...###...##
..................##
.................##
##################


You could see an orb of fire and an ancient lich.

Vanquished Creatures
  the Royal Jelly (Slime:6)
  11 orbs of fire
  6 ancient liches
  Mara (Crypt:3)
  A juggernaut (Depths:4)
  A caustic shrike (Depths:4)
  4 curse toes
  2 Killer Klowns (Zot:2)
  15 golden dragons
  Nikola (Shoals:3)
  3 bone dragons
  4 electric golems
  Jorgrun (Crypt:3)
  24 tentacled monstrosities
  2 deep elf blademasters (Elf:3)
  14 Orb Guardians (Zot:5)
  5 liches
  4 deep elf master archers (Elf:3)
  Asterion (Depths:1)
  5 titans (Vaults:5)
  2 krakens
  3 tentacled starspawn
  4 quicksilver dragons
  15 acid blobs
  9 death cobs
  10 tengu reavers
  4 sphinxes
  2 ancient champions
  12 shadow dragons
  Wiglaf (Vaults:2)
  17 storm dragons
  4 draconian monks
  9 azure jellies
  15 fire giants
  Ilsuiw (Shoals:4)
  Donald (Crypt:3)
  17 frost giants
  7 draconian knights
  Aizul (Vaults:1)
  6 deep elf sorcerers
  23 vault wardens
  6 iron dragons
  Louise (Elf:1)
  4 ghost moths
  3 deep elf elementalists (Elf:3)
  6 draconian scorchers
  8 draconian zealots
  A spriggan defender (Depths:4)
  10 draconian shifters
  22 ironheart preservers
  3 curse skulls
  4 draconian annihilators
  8 war gargoyles
  8 vampire knights
  7 ghouls
  11 very ugly things
  3 draconian callers
  14 stone giants
  11 green draconians
  A lorocyproca (Depths:3)
  5 deep elf demonologists
  3 salamander stormcallers
  13 black draconians
  11 deep elf annihilators
  11 mottled draconians
  11 red draconians
  9 purple draconians
  6 spark wasps
  10 yellow draconians
  15 ettins
  4 crystal guardians
  A dire elephant (Lair:8)
  12 white draconians
  2 fire dragons (shapeshifter) (Depths:3)
  34 vault guards
  8 deep elf death magi
  12 merfolk javelineers
  Snorg (D:13)
  2 blizzard demons (IceCv)
  A green death (Abyss:2)
  10 merfolk impalers
  5 death oozes (Slime:6)
  A minotaur (Lab)
  8 great orbs of eyes
  20 fire dragons
  2 eidola
  The ghost of inmateoo the Cleaver, a journeyman MiAM of Pakellas (D:12)
  33 yaktaur captains
  6 jiangshi
  2 deep elf high priests (Elf:3)
  7 entropy weavers
  2 hydras
  Harold (D:11)
  12 rakshasas
  A catoblepas (Lair:8)
  23 ice dragons
  10 spriggan air magi
  10 centaur warriors
  11 merfolk aquamancers
  8 death knights
  A satyr (shapeshifter) (Depths:4)
  An alligator snapping turtle (Shoals:2)
  5 merfolk avatars
  10 death yaks (Lair:8)
  27 dancing weapons
  8 vampire magi
  A queen ant (shapeshifter) (Depths:3)
  4 tengu warriors
  12 ogre magi
  3 orc high priests
  10 deep troll shamans
  12 deep troll earth magi
  11 spriggan berserkers
  2 storm dragon zombies
  Sonja (D:12)
  28 deep elf knights
  2 soul eaters
  A sun demon (Depths:1)
  A fire crab (shapeshifter) (Depths:4)
  An iron troll (shapeshifter) (Depths:3)
  33 skeletal warriors
  5 shadow wraiths
  A spatial maelstrom (Abyss:5)
  2 salamander mystics
  2 wretched stars
  2 golden dragon zombies
  2 fire crabs
  A sea snake (shapeshifter) (Depths:4)
  16 hell knights
  2 iron trolls
  15 sea snakes
  6 flayed ghosts
  27 deep trolls
  A deep troll (shapeshifter) (Depths:1)
  2 obsidian statues
  4 giant orange brains
  2 shadow demons
  10 deep elf archers
  2 lindwurms (Zot:2)
  The ghost of graki42 the Slinger, a novice HaHu of Xom (Sewer)
  14 phantasmal warriors
  Pikel (D:7)
  A giant orange brain (shapeshifter) (Depths:4)
  A harpy (shapeshifter) (Vaults:1)
  23 ironbrand convokers
  8 necromancers
  15 orc knights
  14 hill giants
  3 wolf spiders
  7 fauns
  27 harpies
  An orb spider (shapeshifter) (D:15)
  74 deep elf magi
  A shadow dragon skeleton (Crypt:3)
  2 shining eyes (Slime:6)
  3 fauns (shapeshifter)
  2 stone giant zombies
  2 fire giant zombies (Depths:1)
  An oklob plant (Lair:8)
  2 salamanders (Vaults:4)
  40 ugly things
  A worldbinder (Abyss:2)
  5 hornets
  10 manticores
  10 griffons
  An iron dragon skeleton (Crypt:3)
  An orc sorcerer (Orc:1)
  3 wizards
  11 sirens
  31 moths of wrath
  A frost giant skeleton (Crypt:3)
  A salamander (shapeshifter) (D:15)
  6 cyclopes
  4 black mambas
  18 elephants
  A moth of wrath (shapeshifter) (Depths:4)
  A fire giant skeleton (Crypt:3)
  3 orange demons (Depths:1)
  2 rust devils
  A water nymph (shapeshifter) (Vaults:3)
  An ice statue (IceCv)
  An apocalypse crab (Abyss:1)
  10 vault sentinels
  Psyche (D:11)
  A smoke demon (Abyss:1)
  A torpor snail (shapeshifter) (Depths:4)
  10 water nymphs
  2 stone giant skeletons
  An eye of devastation (shapeshifter) (D:15)
  2 eyes of devastation
  2 gargoyles
  3 spiny frogs (shapeshifter)
  5 large abominations
  14 spiny frogs
  4 kobold demonologists
  A rime drake (shapeshifter) (D:15)
  5 anaconda simulacra
  2 tengu conjurers (Depths:1)
  2 rime drakes
  8 komodo dragons
  22 freezing wraiths
  An efreet (Abyss:1)
  59 yaktaurs
  3 yaktaurs (shapeshifter)
  10 ice devils
  A merfolk (shapeshifter) (Depths:4)
  An ancient zyme (Abyss:1)
  A golden dragon simulacrum (IceCv)
  An iron troll skeleton (Crypt:1)
  2 polar bears
  7 trolls
  2 hydra zombies
  A troll (shapeshifter) (Vaults:4)
  A wind drake (shapeshifter) (Depths:4)
  6 boulder beetles
  A polar bear (shapeshifter) (Vaults:3)
  17 two-headed ogres
  2 minotaur zombies
  A jumping spider (Depths:5)
  2 wind drakes
  2 deep troll zombies
  30 merfolk
  2 ettin zombies
  A harpy skeleton (D:15)
  2 hydra skeletons
  54 slime creatures
  3 raiju (Abyss:2)
  2 two-headed ogres (shapeshifter) (Depths:4)
  A bog body (Crypt:2)
  2 fire dragon zombies
  7 snapping turtles
  22 blink frogs
  An alligator zombie (Crypt:3)
  A stone giant simulacrum (Vaults:3)
  2 human simulacra
  7 spriggans
  8 air elementals
  2 fire dragon skeletons
  50 flying skulls
  24 redbacks
  Sigmund (D:5)
  13 wraiths
  61 yaks
  4 shadows
  5 vampires
  A redback (shapeshifter) (Vaults:5)
  3 tarantellas
  A tarantella (shapeshifter) (Depths:4)
  2 wyverns
  3 dire elephant simulacra (IceCv)
  7 starcursed masses (Abyss:2)
  17 water elementals
  4 hill giant zombies (WizLab)
  5 basilisks
  A ynoxinul (Abyss:1)
  Eustachio (D:5)
  2 fire elementals
  17 hippogriffs
  A hog (shapeshifter) (Depths:3)
  10 golden eyes
  2 humans (shapeshifter)
  A steam dragon (Shoals:1)
  23 vampire mosquitoes
  A spatial vortex (Abyss:5)
  5 wargs
  An iron troll simulacrum (IceCv)
  5 hungry ghosts
  A soldier ant (D:12)
  7 insubstantial wisps
  3 mottled dragons
  26 water moccasins
  5 harpy simulacra (IceCv)
  Edmund (D:5)
  5 hydra simulacra
  A black bear (Lair:4)
  10 porcupines
  7 wasps
  A manticore zombie (Crypt:1)
  4 ice beasts
  6 phantoms
  4 eyes of draining
  38 ogres
  59 orc warriors
  2 eyes of draining (shapeshifter) (Depths:4)
  A necrophage (Crypt:3)
  An ice beast (shapeshifter) (Vaults:2)
  4 sky beasts
  6 boggarts
  13 wolves
  46 centaurs
  2 small abominations
  12 crocodiles
  A swamp dragon skeleton (Crypt:3)
  A crocodile (shapeshifter) (Depths:4)
  8 big kobolds
  A fire crab zombie (Crypt:1)
  17 giant frogs
  2 scorpions
  A water moccasin skeleton (D:7)
  10 killer bees (D:7)
  12 troll zombies
  A vampire bat (Orc:2)
  An elephant simulacrum (IceCv)
  4 howler monkeys
  28 wights
  An electric eel (Lair:6)
  5 centaur zombies
  24 crimson imps
  A giant frog zombie (D:9)
  2 draconian simulacra (IceCv)
  A hound (shapeshifter) (Vaults:5)
  9 hounds
  16 jellies
  Crazy Yiuf (D:3)
  26 orc priests
  2 two-headed ogre zombies
  6 centaur skeletons
  7 iron imps (Depths:1)
  29 orc wizards
  Jessica (D:2)
  13 iguanas
  A spriggan simulacrum (IceCv)
  8 worker ants
  4 troll simulacra
  A polar bear simulacrum (IceCv)
  22 sheep
  A big kobold zombie (Crypt:2)
  3 centaur simulacra (IceCv)
  8 ogre zombies
  A hound skeleton (D:7)
  A worker ant zombie (D:8)
  2 naga simulacra (IceCv)
  An ogre simulacrum (IceCv)
  4 adders
  33 river rats
  8 shadow imps
  7 white imps
  2 oozes
  11 ufetubi
  An adder zombie (D:5)
  An adder skeleton (D:5)
  A sheep skeleton (Crypt:1)
  2 worms
  A dart slug (D:1)
  4 giant geckos
  104 orcs
  9 bats
  6 giant cockroaches
  8 goblins
  7 hobgoblins
  21 jackals
  18 kobolds
  7 quokkas
  A ball python (D:3)
  A dart slug zombie (Crypt:2)
  A giant gecko zombie (D:5)
  5 giant newts
  A goblin zombie (D:10)
  4 hobgoblin zombies (D:10)
  3 orc skeletons
  12 orc zombies (D:10)
  A quokka skeleton (D:9)
  14 rats
  5 bushes (Shoals:3)
  11 fungi
  6 lost souls
  5 plants
  5 starspawn tentacles
  8 tentacles
  A tentacle segment (Shoals:4)
2899 creatures vanquished.

Vanquished Creatures (others)
  An ancient lich (Depths:5)
  The ghost of DsWn the Ruinous, an adept DsWn of Vehumet (Crypt:2)
  A titan (Vaults:5)
  An eldritch tentacle (Vaults:5)
  A draconian scorcher (Zot:2)
  2 deep elf elementalists (Elf:3)
  A deep elf demonologist (Elf:3)
  A great orb of eyes (Depths:4)
  A deep elf high priest (Elf:3)
  A mana viper (shapeshifter) (Vaults:4)
  A griffon (Vaults:3)
  A deep elf mage (Elf:3)
  An ugly thing (Depths:2)
  A yaktaur (Vaults:3)
  A merfolk (Shoals:1)
  A troll (D:10)
  4 slaves (D:7)
  An orc warrior (D:10)
  An ogre (Vaults:3)
  A centaur (D:10)
  A scorpion (D:10)
  An orc priest (D:10)
  A hound (D:10)
  A centaur skeleton (D:7)
  An iguana (D:10)
  A hound zombie (D:7)
  An adder (D:10)
  An ufetubus (Abyss:2)
  A jackal (D:10)
  83 eldritch tentacle segments (Vaults:5)
  6 fungi
  6 lost souls
  10 plants
  7 starspawn tentacles
  26 starspawn tentacle segments (Abyss:2)
  9 tentacles
  365 tentacle segments
545 creatures vanquished.

Grand Total: 3444 creatures vanquished

Notes
Turn   | Place    | Note
--------------------------------------------------------------
     0 | D:1      | namelastname112 the Draconian Gladiator began the quest for the Orb.
     0 | D:1      | Reached XP level 1. HP: 17/17 MP: 1/1
    98 | D:1      | Reached skill level 2 in Throwing
   127 | D:1      | Reached XP level 2. HP: 16/25 MP: 2/2
   511 | D:2      | Reached XP level 3. HP: 30/30 MP: 3/3
   737 | D:2      | Found a shattered altar of Ashenzari.
   813 | D:2      | Noticed Jessica
   836 | D:2      | Killed Jessica
   836 | D:2      | Reached XP level 4. HP: 22/38 MP: 4/4
  1171 | D:3      | Reached XP level 5. HP: 13/45 MP: 5/5
  1607 | D:3      | Found a shimmering altar of Xom.
  1924 | D:3      | Noticed Crazy Yiuf
  1930 | D:3      | Killed Crazy Yiuf
  2062 | D:4      | Found a staircase to the Ecumenical Temple.
  2068 | Temple   | Entered the Ecumenical Temple
  2094 | Temple   | Became a worshipper of Warmaster Okawaru
  2199 | D:4      | Reached XP level 6. HP: 49/52 MP: 6/6
  2235 | D:4      | Reached skill level 5 in Axes
  2235 | D:4      | Reached skill level 3 in Throwing
  2623 | D:5      | Entered Level 5 of the Dungeon
  2798 | D:5      | Reached * piety under Okawaru
  2867 | D:4      | Your scales start taking on a glossy black colour.
  2867 | D:4      | Reached XP level 7. HP: 52/60 MP: 7/7
  2867 | D:4      | Gained mutation: You are resistant to electric shocks. [Black Draconian growth]
  3045 | D:5      | Noticed Sigmund
  3077 | D:5      | Noticed Eustachio
  3086 | D:5      | Killed Sigmund
  3271 | D:5      | Reached ** piety under Okawaru
  3271 | D:5      | Killed Eustachio
  3271 | D:5      | Reached skill level 5 in Fighting
  3271 | D:5      | Reached skill level 4 in Throwing
  3271 | D:5      | Reached XP level 8. HP: 62/68 MP: 8/8
  3354 | D:5      | Found a white marble altar of Elyvilon.
  3470 | D:5      | Noticed Edmund
  3490 | D:5      | Killed Edmund
  3694 | D:5      | Found a sparkling altar of Nemelex Xobeh.
  4042 | D:6      | Reached skill level 1 in Invocations
  4087 | D:6      | Found a glowing drain.
  4128 | Sewer    | Entered a sewer
  4144 | Sewer    | Reached skill level 5 in Dodging
  4167 | Sewer    | Noticed graki42's ghost (novice HaHu)
  4223 | Sewer    | Killed graki42's ghost
  4223 | Sewer    | Reached *** piety under Okawaru
  4223 | Sewer    | Received a gift from Okawaru
  4462 | Sewer    | Reached XP level 9. HP: 75/75 MP: 10/10
  4488 | Sewer    | Found a white marble altar of Elyvilon.
  5504 | D:6      | Reached skill level 5 in Throwing
  5729 | D:6      | Found a bloodstained altar of Trog.
  5909 | D:7      | Noticed Pikel
  5922 | D:7      | Killed Pikel
  6170 | D:7      | Reached **** piety under Okawaru
  6298 | D:7      | Reached XP level 10. HP: 38/86 MP: 13/13
  6748 | D:7      | Found Ozxoidd's Jewellery Emporium.
  6951 | D:8      | Reached skill level 5 in Invocations
  7160 | D:8      | Found Wousait's General Store.
  7181 | D:8      | Reached skill level 10 in Axes
  7181 | D:8      | Reached skill level 6 in Throwing
  7185 | D:8      | Found a staircase to the Lair.
  7206 | D:8      | Received a gift from Okawaru
  7521 | D:8      | Reached ***** piety under Okawaru
  7626 | D:8      | Noticed a hill giant
  7636 | D:8      | Killed a hill giant
  8382 | D:9      | Reached XP level 11. HP: 42/94 MP: 15/15
  9453 | D:10     | Entered Level 10 of the Dungeon
  9671 | D:10     | Received a gift from Okawaru
  9672 | D:10     | Got a jewelled executioner's axe {god gift}
  9673 | D:10     | Identified the +7 executioner's axe "Afagofot" {venom, *Contam MR+ SInv} (Okawaru gifted it to you on level 10 of the Dungeon)
  9791 | D:10     | Noticed a hill giant
  9798 | D:10     | Killed a hill giant
 10014 | D:10     | Found a staircase to the Orcish Mines.
 10248 | D:10     | Reached skill level 7 in Throwing
 10330 | D:10     | Found a shimmering altar of Xom.
 10550 | D:10     | Noticed a hill giant
 10558 | D:10     | Killed a hill giant
 10759 | D:11     | Received a gift from Okawaru
 10807 | D:11     | Noticed a hill giant
 10814 | D:11     | Killed a hill giant
 10830 | D:11     | Noticed Psyche
 10836 | D:11     | Killed Psyche
 11166 | D:11     | Noticed a death knight
 11167 | D:11     | Noticed a skeletal warrior
 11186 | D:11     | Killed a death knight
 11191 | D:11     | Killed a skeletal warrior
 11268 | D:11     | Reached XP level 12. HP: 95/105 MP: 17/17
 11293 | D:11     | Noticed Harold
 11324 | D:11     | Killed Harold
 11778 | D:11     | Cast into level 1 of the Abyss (orc)
 11778 | Abyss:1  | Found a corrupted altar of Lugonu.
 11792 | Abyss:1  | Noticed a tentacled monstrosity
 11869 | Abyss:1  | Noticed a tentacled starspawn
 11880 | Abyss:1  | Killed a tentacled starspawn
 11904 | Abyss:1  | Noticed a lorocyproca
 12014 | Abyss:1  | Noticed a profane servitor
 12128 | Abyss:1  | Noticed a brown very ugly thing
 12143 | Abyss:1  | Found a corrupted altar of Lugonu.
 12230 | Abyss:1  | Reached skill level 10 in Fighting
 12230 | Abyss:1  | Reached skill level 8 in Throwing
 12243 | Abyss:1  | HP: 2/74 [tentacled monstrosity (9)]
 12246 | Abyss:1  | Killed a tentacled monstrosity
 12246 | Abyss:1  | Received a gift from Okawaru
 12342 | Abyss:1  | Noticed a rakshasa
 12354 | Abyss:1  | Noticed a starcursed mass
 12529 | D:11     | Escaped the Abyss
 12620 | D:11     | Received a gift from Okawaru
 12737 | D:12     | Noticed inmateoo's ghost (journeyman MiAM)
 12929 | D:12     | Noticed Sonja
 12938 | D:12     | Killed Sonja
 12953 | D:12     | Received a gift from Okawaru
 13062 | D:11     | Reached XP level 13. HP: 114/114 MP: 19/19
 13130 | D:11     | Received a gift from Okawaru
 13661 | D:12     | Killed inmateoo's ghost
 13725 | D:12     | Got a slimy trident
 13792 | D:12     | Received a gift from Okawaru
 13878 | D:12     | Found Teiwni's Gadget Boutique.
 14133 | D:13     | Received a gift from Okawaru
 14471 | D:13     | Reached ****** piety under Okawaru
 14621 | D:13     | Noticed Snorg
 14636 | D:13     | Killed Snorg
 14636 | D:13     | Received a gift from Okawaru
 14972 | D:13     | Reached skill level 9 in Throwing
 14987 | D:13     | Found a gate to the Vaults.
 15255 | D:14     | Found a bloodstained altar of Trog.
 15841 | D:14     | Identified the +1 trident "Ydipuivo" {venom, rN+ Dex+2} (You found it on level 12 of the Dungeon)
 15900 | D:15     | Entered Level 15 of the Dungeon
 16406 | D:15     | Reached skill level 10 in Invocations
 17010 | D:15     | Reached skill level 10 in Dodging
 17010 | D:15     | Gained mutation: Your large and strong wings let you fly indefinitely. [Black Draconian growth]
 17010 | D:15     | Reached XP level 14. HP: 112/124 MP: 21/21
 17026 | D:15     | Received a gift from Okawaru
 17564 | Orc:1    | Entered Level 1 of the Orcish Mines
 18180 | Orc:1    | Found a burning altar of Makhleb.
 18276 | Orc:2    | Entered Level 2 of the Orcish Mines
 18626 | Orc:1    | Received a gift from Okawaru
 19012 | Orc:2    | Received a gift from Okawaru
 19166 | Orc:2    | Found a roughly hewn altar of Beogh.
 19310 | Orc:2    | Found a staircase to the Elven Halls.
 19362 | Orc:2    | Found Gatenku's Goods Gallery.
 19389 | Orc:2    | Found Ybba Rei's Weapon Shoppe.
 19389 | Orc:2    | Found Peisuapral's General Store.
 19389 | Orc:2    | Found Ewnuy's Antique Weapon Shop.
 19392 | Orc:2    | Found Seofem's Assorted Antiques.
 19404 | Orc:2    | Bought a potion of curing for 99 gold pieces
 19788 | Orc:1    | Reached skill level 15 in Axes
 19790 | Orc:1    | Found a roughly hewn altar of Beogh.
 20067 | D:7      | Bought a +5 ring of slaying for 1250 gold pieces
 20106 | Lair:1   | Entered Level 1 of the Lair of Beasts
 20645 | Lair:1   | Reached skill level 10 in Throwing
 21608 | Lair:2   | Received a gift from Okawaru
 22329 | Lair:4   | Found a staircase to the Shoals.
 22431 | Lair:4   | Found a hole to the Spider Nest.
 22769 | Lair:4   | Received a gift from Okawaru
 23000 | Lair:5   | Reached XP level 15. HP: 131/134 MP: 23/23
 23214 | Lair:5   | Received a gift from Okawaru
 23670 | Lair:5   | Received a gift from Okawaru
 24548 | Lair:7   | Received a gift from Okawaru
 24609 | Lair:7   | Found a labyrinth entrance.
 24618 | Lab      | Entered a labyrinth
 24870 | Lab      | Got a glittering bronze ring
 24872 | Lab      | Identified the ring of Nifux {+Fly rN+ Dex-4 Slay+3} (You found it in a labyrinth)
 25369 | Lair:8   | Entered Level 8 of the Lair of Beasts
 25426 | Lair:8   | Found a viscous altar of Jiyva.
 25426 | Lair:8   | Found a staircase to the Slime Pits.
 25823 | Lair:8   | Received a gift from Okawaru
 26104 | Lair:8   | Reached skill level 11 in Throwing
 26147 | Lair:8   | Identified Hikhletef's Almanac of Twisted Flight
 26150 | Lair:8   | Got a slimy arbalest
 26151 | Lair:8   | Identified the +5 arbalest "Ysmetuig" {flame, Fragile rPois Dex+4 Stlth+} (You found it on level 8 of the Lair of Beasts)
 26834 | Lair:1   | Upgraded the game from 0.18-a0-1649-g8d9735b to 0.18-a0-1655-ge2d8d33
 26834 | Lair:1   | Upgraded the game from 0.18-a0-1655-ge2d8d33 to 0.18-a0-1677-g2bdad6c
 26925 | Shoals:1 | Entered Level 1 of the Shoals
 27056 | Shoals:1 | Reached XP level 16. HP: 76/144 MP: 23/25
 27268 | Shoals:1 | Received a gift from Okawaru
 27650 | Shoals:1 | Received a gift from Okawaru
 27978 | Shoals:2 | Received a gift from Okawaru
 28026 | Shoals:2 | Identified a scroll of acquirement
 28984 | Shoals:3 | Noticed Nikola
 28998 | Shoals:3 | Killed Nikola
 29491 | Shoals:3 | Noticed a kraken
 29612 | Shoals:3 | Killed a kraken
 30159 | Shoals:4 | Entered Level 4 of the Shoals
 30531 | Shoals:4 | Received a gift from Okawaru
 30677 | Shoals:4 | Noticed Ilsuiw
 30704 | Shoals:4 | Reached skill level 12 in Throwing
 30707 | Shoals:4 | Reached XP level 17. HP: 108/154 MP: 26/26
 30724 | Shoals:4 | Killed Ilsuiw
 30724 | Shoals:4 | Received a gift from Okawaru
 31342 | Shoals:3 | Received a gift from Okawaru
 32138 | Shoals:4 | Got a barnacled rune of Zot
 32178 | Shoals:4 | Received a gift from Okawaru
 32242 | Shoals:4 | Learned a level 1 spell: Apportation
 32293 | Shoals:4 | Noticed a kraken
 32317 | Shoals:4 | Killed a kraken
 33249 | Shoals:1 | Reached skill level 15 in Fighting
 33701 | Elf:1    | Entered Level 1 of the Elven Halls
 33789 | Elf:1    | Found a frozen archway.
 33795 | IceCv    | Entered an ice cave
 34728 | Elf:1    | Noticed Louise
 34739 | Elf:1    | Killed Louise
 34947 | Elf:1    | Received a gift from Okawaru
 35318 | Elf:1    | Reached XP level 18. HP: 163/163 MP: 27/27
 35489 | Elf:1    | Identified the Grimoire of Floating Moulding (You found it on level 1 of the Elven Halls)
 35494 | Elf:1    | Learned a level 2 spell: Repel Missiles
 35540 | Elf:1    | Reached skill level 13 in Throwing
 35910 | Elf:2    | Found a runed gate.
 35910 | Elf:2    | Found a runed gate.
 35910 | Elf:2    | Found a runed gate.
 36285 | Elf:3    | Entered Level 3 of the Elven Halls
 36533 | Elf:3    | Received a gift from Okawaru
 36541 | Elf:3    | Received a gift from Okawaru
 36564 | Elf:3    | HP: 6/249 [deep elf blademaster/short sword (18)]
 36581 | Elf:3    | HP: 4/166 [deep elf death mage/vampiric draining (23)]
 36932 | Elf:3    | Received a gift from Okawaru
 37143 | Elf:3    | Got a coiled steel amulet
 37146 | Elf:3    | Identified the amulet of Wonder {Faith MP+9 Int+2 SInv} (You found it on level 3 of the Elven Halls)
 37150 | Elf:3    | Reached XP level 19. HP: 123/172 MP: 27/28
 37151 | Elf:3    | Reached XP level 20. HP: 130/182 MP: 28/29
 37317 | Elf:3    | Cast into level 2 of the Abyss (a ghostly deep elf demonologist)
 37960 | Elf:3    | Escaped the Abyss
 37962 | Elf:3    | Reached XP level 21. HP: 97/189 MP: 30/30
 38343 | Elf:3    | Got a crude cloak
 38354 | Elf:3    | Identified the cursed +0 cloak of Elitism {SInv} (You found it on level 3 of the Elven Halls)
 38484 | Elf:3    | Got a scintillating glass ring
 38485 | Elf:3    | Identified the ring "Seddumux" {+Blink AC+3} (You took it off a deep elf archer on level 3 of the Elven Halls)
 38775 | Elf:3    | Reached skill level 14 in Throwing
 38939 | Elf:3    | Received a gift from Okawaru
 40278 | Vaults:1 | Entered Level 1 of the Vaults
 40513 | Vaults:1 | Noticed Aizul
 40528 | Vaults:1 | Killed Aizul
 42010 | Vaults:2 | Found Pois's Gadget Shoppe.
 42030 | Vaults:2 | Received a gift from Okawaru
 42150 | Vaults:2 | Got a warped glass ring
 42151 | Vaults:2 | Identified the cursed ring "Afesm" {AC-3 Int+6} (You took it off a vault sentinel on level 2 of the Vaults)
 42484 | Vaults:2 | Received a gift from Okawaru
 42702 | Vaults:2 | Noticed Wiglaf
 42716 | Vaults:2 | Killed Wiglaf
 42824 | Vaults:2 | You are sucked into a shaft!
 42900 | Vaults:3 | Found a magical portal.
 42903 | WizLab   | Entered Zonguldrok's Shrine
 43140 | WizLab   | Noticed an antique lich
 43147 | WizLab   | Gained mutation: You regenerate slowly when monsters are visible. [a cacodemon]
 43155 | WizLab   | Cast into level 5 of the Abyss (an antique lich)
 43155 | Abyss:5  | Entered Level 5 of the Abyss
 43157 | Abyss:5  | Found a corrupted altar of Lugonu.
 43365 | WizLab   | Escaped the Abyss
 43374 | WizLab   | Killed an antique lich
 43374 | WizLab   | Received a gift from Okawaru
 43374 | WizLab   | Reached skill level 15 in Dodging
 43374 | WizLab   | Reached XP level 22. HP: 195/200 MP: 30/31
 43452 | WizLab   | Learned a level 3 spell: Regeneration
 43488 | Vaults:3 | oplop: цо
 43488 | Vaults:3 | oplop: й
 43488 | Vaults:3 | oplop: о
 43488 | Vaults:3 | namelastname112: нихуя себе
 43488 | Vaults:3 | namelastname112: какие люди
 43488 | Vaults:3 | namelastname112: че как?
 43552 | Vaults:3 | oplop: фиг знает
 43613 | Vaults:3 | oplop: ирл хуйня какая то
 43622 | Vaults:3 | oplop: а так норм
 43701 | Vaults:3 | namelastname112: вот и у меня
 43701 | Vaults:3 | namelastname112: ирл хуйня
 43701 | Vaults:3 | namelastname112: а так норм
 43701 | Vaults:3 | namelastname112: чето я тебя пиздос давно не видел
 44248 | Vaults:3 | oplop: я с 0.17 турнира не появлялся
 44287 | Vaults:3 | Received a gift from Okawaru
 44302 | Vaults:3 | namelastname112: почитай чейнджлоги чели
 44352 | Vaults:3 | Reached skill level 15 in Throwing
 44493 | Vaults:3 | oplop: страшно
 44613 | Vaults:3 | oplop: там кнопку "вынести орб" не добавили?
 44619 | Vaults:3 | namelastname112: лол
 44619 | Vaults:3 | namelastname112: не
 44619 | Vaults:3 | namelastname112: все не настолько плохо
 44619 | Vaults:3 | oplop: а, нуок
 44619 | Vaults:3 | namelastname112: в плане оказуаливания
 44619 | Vaults:3 | namelastname112: пару мобов стремных добавили
 44619 | Vaults:3 | namelastname112: пару фич крутых
 44619 | Vaults:3 | namelastname112: 2 новых бога тестят
 44619 | Vaults:3 | oplop: хы, надо поиграть
 44619 | Vaults:3 | namelastname112: и новую расу
 44835 | Vaults:3 | oplop: тред живой?
 44853 | Vaults:3 | namelastname112: https://2ch.hk/vg/res/15876676.html
 44861 | Vaults:3 | Found a staircase to the Crypt.
 46432 | Vaults:2 | Received a gift from Okawaru
 46782 | Vaults:2 | oplop: надо будет поиграть
 46785 | Vaults:2 | oplop: когда там релиз 0.18?
 46809 | Vaults:3 | namelastname112: а хуй его знает
 46809 | Vaults:3 | namelastname112: уже давно транк
 47127 | Vaults:4 | Found Guodi's Assorted Antiques.
 47148 | Vaults:4 | Bought a potion of heal wounds for 185 gold pieces
 47550 | Vaults:4 | Reached skill level 1 in Spellcasting
 47550 | Vaults:4 | Reached skill level 1 in Charms
 47550 | Vaults:4 | Reached skill level 1 in Air Magic
 47735 | Vaults:4 | Found Avaepefa's Assorted Antiques.
 47743 | Vaults:4 | Bought a grey potion for 37 gold pieces
 47779 | Vaults:4 | namelastname112: а
 47779 | Vaults:4 | namelastname112: рмут убрали
 47779 | Vaults:4 | namelastname112: наприер
 47779 | Vaults:4 | namelastname112: например*
 47891 | Vaults:4 | Found Losmumix's Antique Armour Boutique.
 48639 | Vaults:4 | Reached XP level 23. HP: 209/209 MP: 32/32
 48755 | Vaults:4 | Identified Sif Muna's Disquisition on Enchantment and Heat (You found it on level 4 of the Vaults)
 48975 | Vaults:4 | Reached skill level 5 in Air Magic
 49202 | Vaults:3 | oplop: э
 49209 | Vaults:3 | Received a gift from Okawaru
 49223 | Vaults:3 | oplop: и че теперь, только мутироватьу?
 49231 | Vaults:3 | Got a pair of slimy boots {god gift}
 49237 | Vaults:3 | Identified the +1 pair of boots "Roowig" {MR+ Str-5 Int+3 Stlth+} (Okawaru gifted it to you on level 3 of the Vaults)
 49303 | D:13     | namelastname112: ну
 49303 | D:13     | namelastname112: зина остался
 49303 | D:13     | oplop: забавно
 49303 | D:13     | namelastname112: анранды остались
 49303 | D:13     | namelastname112: мутация на резист мутация осталась
 49303 | D:13     | namelastname112: и еще зелья курмута теперь чаще
 49439 | D:15     | Found a staircase to the Depths.
 49463 | Depths:1 | Entered Level 1 of the Depths
 49564 | Depths:1 | oplop: пойду на мифи потабаю, ознакомлюсь
 49567 | Depths:1 | namelastname112: пойду гляну чели
 49637 | Depths:1 | Noticed Asterion
 49664 | Depths:1 | Killed Asterion
 50524 | Depths:1 | Found Nampym Tuasch's Quality Used Wands.
 50533 | Depths:1 | Reached skill level 5 in Spellcasting
 50586 | Depths:1 | Reached skill level 5 in Charms
 51523 | Depths:1 | Found a gateway to Hell.
 52619 | Depths:2 | Reached skill level 1 in Short Blades
 52663 | Depths:2 | Received a gift from Okawaru
 54182 | Depths:3 | Received a gift from Okawaru
 54279 | Depths:3 | Got a flickering copper ring
 54280 | Depths:3 | Identified the ring of the Rabble {rF+ rN+} (You found it on level 3 of the Depths)
 54663 | Depths:3 | Reached skill level 5 in Short Blades
 54847 | Depths:3 | Found a one-way gate leading to the halls of Pandemonium.
 54876 | Depths:3 | Noticed an ancient lich
 54887 | Depths:3 | Reached XP level 24. HP: 76/216 MP: 34/34
 54892 | Depths:3 | Reached skill level 10 in Air Magic
 55450 | Depths:3 | Reached skill level 1 in Necromancy
 55454 | Depths:3 | Received a gift from Okawaru
 55616 | Depths:3 | Found a one-way gate to the infinite horrors of the Abyss.
 56032 | Depths:3 | Found a gateway to a ziggurat.
 56141 | Depths:3 | Received a gift from Okawaru
 56636 | Depths:4 | Received a gift from Okawaru
 56982 | Depths:4 | Received a gift from Okawaru
 56982 | Depths:4 | Reached skill level 16 in Throwing
 58679 | Depths:4 | Received a gift from Okawaru
 59168 | Depths:4 | Received a gift from Okawaru
 59346 | Depths:4 | Received a gift from Okawaru
 59749 | Depths:4 | Noticed a juggernaut
 59772 | Depths:4 | Killed a juggernaut
 60039 | Depths:5 | Entered Level 5 of the Depths
 60444 | Depths:5 | Learned a level 3 spell: Portal Projectile
 60447 | Depths:5 | Learned a level 2 spell: Blink
 60504 | Depths:5 | Reached skill level 17 in Throwing
 60729 | Depths:5 | Killed an ancient lich
 60729 | Depths:5 | Reached XP level 25. HP: 219/227 MP: 35/35
 61543 | Depths:5 | Received a gift from Okawaru
 61711 | Depths:5 | Received a gift from Okawaru
 61914 | Depths:5 | Received a gift from Okawaru
 62295 | Depths:5 | Found a gate to the Realm of Zot.
 62360 | Depths:5 | Received a gift from Okawaru
 62945 | Vaults:5 | Entered Level 5 of the Vaults
 63141 | Vaults:5 | Received a gift from Okawaru
 63144 | Vaults:5 | Got a pair of ichor-stained gloves {god gift}
 63151 | Vaults:5 | Identified the +2 pair of gloves of Okawaru's Supremacy {rCorr Int+2} (Okawaru gifted it to you on level 5 of the Vaults)
 63343 | Vaults:5 | Reached skill level 18 in Throwing
 63589 | Vaults:5 | Got a brightly glowing garnet amulet
 63592 | Vaults:5 | Identified the amulet "Illeoqa" {Spirit *Drain rPois rN+++ MR+} (You took it off a vault guard on level 5 of the Vaults)
 63866 | Vaults:5 | Got a fine silver ring
 63871 | Vaults:5 | Identified the ring of the Falcon {*Contam rPois Int+2 Stlth+} (You took it off a vault guard on level 5 of the Vaults)
 64412 | Vaults:5 | Noticed an ancient lich
 64437 | Vaults:5 | Killed an ancient lich
 64828 | Vaults:5 | Reached skill level 19 in Throwing
 64837 | Vaults:5 | Reached XP level 26. HP: 230/239 MP: 34/35
 65027 | Vaults:5 | Got a steaming marble ring
 65080 | Vaults:5 | Received a gift from Okawaru
 65297 | Vaults:5 | Noticed an ancient lich
 65659 | Vaults:5 | Identified the ring of the Yeti {+Inv rElec rF- MP+9 Stlth+} (You took it off a yaktaur captain on level 5 of the Vaults)
 65662 | Vaults:5 | Got a fine jade amulet
 65663 | Vaults:5 | Identified the amulet of the Forgotten Demons {RegenMP rC+ Dex+6 Slay-5 Stlth+} (You took it off an ironbrand convoker on level 5 of the Vaults)
 66060 | Vaults:5 | Killed an ancient lich
 66668 | Vaults:5 | Identified Sif Muna's Tome of Excruciating Evil
 66995 | Vaults:5 | Got a silver rune of Zot
 67055 | Vaults:5 | Got a faintly glowing cloak
 67066 | Vaults:5 | Identified the +2 cloak of the Serpent {Int+4 Dex+3} (You acquired it on level 5 of the Vaults)
 67078 | Vaults:5 | Got a pair of fine gloves
 67089 | Vaults:5 | Identified the +1 pair of gloves "Yli Jeh" {+Blink rCorr} (You acquired it on level 5 of the Vaults)
 67112 | Vaults:5 | Learned a level 5 spell: Silence
 67547 | Slime:1  | Entered Level 1 of the Pits of Slime
 67669 | Slime:2  | Reached skill level 20 in Throwing
 68189 | Slime:6  | Entered Level 6 of the Pits of Slime
 68370 | Slime:6  | Noticed the Royal Jelly
 68407 | Slime:6  | Found a viscous altar of Jiyva.
 68413 | Slime:6  | Killed the Royal Jelly
 68428 | Slime:6  | Received a gift from Okawaru
 68829 | Slime:6  | Got a slimy rune of Zot
 69186 | Lair:4   | Got a pair of encrusted boots
 69197 | Lair:4   | Identified the +0 pair of boots "Trusted Companion" {Str+2} (You acquired it on level 4 of the Lair of Beasts)
 69221 | Lair:4   | Identified a +0 pair of boots of running (You acquired it on level 4 of the Lair of Beasts)
 69520 | Crypt:1  | Entered Level 1 of the Crypt
 69625 | Crypt:1  | Reached skill level 21 in Throwing
 69900 | Crypt:1  | Reached XP level 27. HP: 228/248 MP: 34/35
 70600 | Crypt:2  | Noticed DsWn's ghost (adept DsWn)
 70616 | Crypt:2  | Killed DsWn's ghost
 71310 | Crypt:2  | Received a gift from Okawaru
 71716 | Crypt:3  | Entered Level 3 of the Crypt
 71787 | Crypt:3  | Reached skill level 22 in Throwing
 71928 | Crypt:3  | Noticed Jorgrun
 71937 | Crypt:3  | Killed Jorgrun
 72171 | Crypt:3  | Noticed Mara
 72183 | Crypt:3  | Killed Mara
 72301 | Crypt:3  | Found a staircase to the Tomb.
 72316 | Crypt:3  | Noticed an ancient lich
 72339 | Crypt:3  | Killed an ancient lich
 72339 | Crypt:3  | Received a gift from Okawaru
 72342 | Crypt:3  | Got a pair of transparent gloves {god gift}
 72344 | Crypt:3  | Identified the +0 pair of gloves of Coih {Str+4 Dex+7} (Okawaru gifted it to you on level 3 of the Crypt)
 72531 | Crypt:3  | Noticed Donald
 72542 | Crypt:3  | Killed Donald
 72761 | Crypt:3  | Reached skill level 23 in Throwing
 72854 | Crypt:3  | Found a basalt altar of Yredelemnul.
 73733 | Zot:1    | Entered Level 1 of the Realm of Zot
 73974 | Zot:1    | Gained mutation: You are agile. (Dex +2) [potion of beneficial mutation]
 75451 | Zot:1    | Reached skill level 24 in Throwing
 76092 | Zot:2    | Received a gift from Okawaru
 77244 | Zot:2    | Noticed an orb of fire
 77250 | Zot:2    | Killed an orb of fire
 77267 | Zot:2    | Received a gift from Okawaru
 77277 | Zot:2    | Reached skill level 25 in Throwing
 77739 | Zot:2    | Received a gift from Okawaru
 78076 | Zot:2    | Received a gift from Okawaru
 78648 | Zot:2    | Reached skill level 26 in Throwing
 79403 | Zot:3    | Noticed an orb of fire
 79944 | Zot:3    | Gained mutation: You have sharp toenails. [an orb of fire]
 79946 | Zot:3    | Killed an orb of fire
 80158 | Zot:3    | Received a gift from Okawaru
 80571 | Zot:3    | Received a gift from Okawaru
 80571 | Zot:3    | Reached skill level 27 in Throwing
 81024 | Zot:3    | Received a gift from Okawaru
 81273 | Zot:4    | Received a gift from Okawaru
 81365 | Zot:4    | Got a steaming longbow {god gift}
 81366 | Zot:4    | Identified the +6 longbow "Faxzac" {freeze, rN+} (Okawaru gifted it to you on level 4 of the Realm of Zot)
 81429 | Zot:4    | Identified the Disquisition on Dusty Weightlessness (You found it on level 4 of the Realm of Zot)
 81441 | Zot:4    | Learned a level 6 spell: Deflect Missiles
 81915 | Zot:5    | Entered Level 5 of the Realm of Zot
 81935 | Zot:5    | Noticed an orb of fire
 82097 | Zot:4    | Lost mutation: You are agile. (Dex +2) [an orb of fire]
 82105 | Zot:4    | Gained mutation: You tend to lose your temper in combat. [an orb of fire]
 82119 | Zot:4    | Killed an orb of fire
 82328 | Zot:5    | Noticed an orb of fire
 82333 | Zot:5    | Gained mutation: You occasionally shout uncontrollably at your foes. [an orb of fire]
 82347 | Zot:5    | Gained mutation: Scrolls take you a little longer to read. [an orb of fire]
 82351 | Zot:5    | Gained mutation: You expend magic power (3 MP) to strengthen your wands. [an orb of fire]
 82360 | Zot:5    | Killed an orb of fire
 82808 | Zot:5    | Received a gift from Okawaru
 82839 | Zot:5    | Noticed an ancient lich
 82852 | Zot:5    | Killed an ancient lich
 82885 | Zot:5    | Received a gift from Okawaru
 83532 | Zot:5    | Noticed an ancient lich
 83535 | Zot:5    | Noticed an orb of fire
 83536 | Zot:5    | Noticed an orb of fire
 83538 | Zot:5    | Gained mutation: Scrolls take you longer to read. [an orb of fire]
 84095 | Zot:5    | Gained mutation: Your spells are a little easier to cast, but a little less powerful. [an orb of fire]
 84105 | Zot:4    | Killed an ancient lich
 84110 | Zot:4    | Gained mutation: Your body sometimes deteriorates upon taking damage. [an orb of fire]
 84112 | Zot:4    | Gained mutation: Your body often deteriorates upon taking damage. [an orb of fire]
 84117 | Zot:4    | Gained mutation: You are frail (-10% HP). [an orb of fire]
 84118 | Zot:4    | Killed an orb of fire
 84280 | Zot:5    | Gained mutation: You are clumsy. (Dex -2) [an orb of fire]
 84288 | Zot:5    | Killed an orb of fire
 84382 | Zot:5    | Noticed an orb of fire
 84397 | Zot:5    | Noticed an orb of fire
 84401 | Zot:5    | Noticed an orb of fire
 84401 | Zot:5    | Gained mutation: Scrolls take you much longer to read. [an orb of fire]
 84406 | Zot:5    | Gained mutation: You are dopey. (Int -2) [an orb of fire]
 84410 | Zot:5    | Gained mutation: You are weak. (Str -2) [an orb of fire]
 84410 | Zot:5    | Gained mutation: You are very dopey. (Int -4) [an orb of fire]
 84417 | Zot:5    | Gained mutation: Your magical capacity is low (-10% MP). [an orb of fire]
 84422 | Zot:5    | Gained mutation: You are very frail (-20% HP). [an orb of fire]
 84423 | Zot:5    | Killed an orb of fire
 84426 | Zot:5    | Killed an orb of fire
 84494 | Zot:5    | Noticed an orb of fire
 84495 | Zot:5    | Gained mutation: You often lose your temper in combat. [an orb of fire]
 84498 | Zot:5    | Gained mutation: You are extremely frail (-30% HP). [an orb of fire]
 84855 | Zot:5    | Gained mutation: You are very weak. (Str -4) [an orb of fire]
 84863 | Zot:5    | Gained mutation: You do not regenerate naturally when monsters are visible. [an orb of fire]
 84884 | Zot:5    | Killed an orb of fire
 85323 | Zot:5    | Received a gift from Okawaru
 85362 | Zot:5    | Gained mutation: You are very clumsy. (Dex -4) [an orb of fire]
 85365 | Zot:5    | Gained mutation: You sometimes yell uncontrollably at your foes. [an orb of fire]
 85369 | Zot:5    | Killed an orb of fire
 85808 | Zot:5    | Noticed an orb of fire
 85812 | Zot:5    | Gained mutation: Your magical capacity is very low (-20% MP). [an orb of fire]
 85821 | Zot:5    | Killed an orb of fire
 85859 | Zot:5    | Noticed an orb of fire
 85861 | Zot:5    | Gained mutation: Your spells are easier to cast, but less powerful. [an orb of fire]
 85870 | Zot:5    | Noticed an ancient lich
 85874 | Zot:5    | HP: 4/173 [ancient lich/iron shot (39)]
 85874 | Zot:5    | Killed from afar by an orb of fire

Vault maps used:
D:1:      lightli_arrival_isolated_outpost, minmay_splitting_lines,
          serial_bayou_lagoon_a
D:2:      nicolae_overflow_hidden_temple, minivault_27, uniq_jessica
D:3:      nicolae_overflow_crystal_walls, uniq_crazy_yiuf_cottage
D:4:      minmay_temple_entry_fiery, first_bread
D:5:      kennysheep_mini_moat, nemelex_deck, uniq_sigmund, uniq_eustachio,
          uniq_edmund
D:6:      lemuel_crystal_altar, lightli_sewer_entry_pipes
D:7:      serial_shops, nicolae_shop_stone, uniq_pikel
D:8:      erik_lair_orcish_takeover, serial_shops, shop_fountains
D:9:      nicolae_whirlpool, grunt_pizzeria
D:10:     zombieorc1_lemuel, wad_floor_pattern_untrapped, minmay_door_square,
          xom_confusion_cloud
D:11:     special_room, uniq_psyche, uniq_harold
D:12:     serial_shops, shop, uniq_sonja
D:13:     hangedman_vaults_entry_quadrant_bands, uniq_snorg
D:14:     basic_altar, minmay_protected_statue
D:15:     gammafunk_enter_depths_forms, hangedman_decor_points
Temple:   lightli_temple_of_artemis
Lair:3:   infiniplex_staircase_pool, grunt_megastairs_3
Lair:4:   minmay_shoals_entry_centaurs, spider_nest_entry_funnel_web,
          forest_entry_grove
Lair:5:   dragon1_lemuel
Lair:6:   serial_bayou_crossing, serial_bayou_shore_b
Lair:7:   lab_entry_generic
Lair:8:   grunt_lair_end_beastmaster, slime_altar_1, kennysheep_basilisk_garden,
          grunt_megastairs_4, serial_bayou_shore_a
Shoals:1: ldierk_geyser, nicolae_shoals_mertower
Shoals:3: nicolae_shoals_cliffside_cave, yaktaur_hedge, uniq_nikola
Shoals:4: shoals_end_simple, shoals_ilsuiw_ice
Slime:1:  cheibrodos_slime_lost_civilization_1
Slime:2:  nicolae_slime_welcoming_committee
Slime:4:  cheibrodos_slime_lost_civilization_6
Orc:1:    nicolae_orc_accident_1, basic_altar, bloody_makhleb
Orc:2:    st_orc_rangers, basic_altar, roderic_batcave, nicolae_alphabet_shops
Elf:1:    portal_ice_cave_entry_horrid_things,
          hangedman_elven_crosses_minicolossus, hangedman_elven_ridges,
          st_stairs_10, feat_on_display, uniq_louise
Elf:3:    minmay_elf_hall_circle
Vaults:1: vaults_dpeg_spiral, ontoclasm_vaults_chip, v_misc_29,
          nicolae_vaults_triangles, vaults_room_grid, ontoclasm_vaults_chip,
          nicolae_vaults_windows_and_doors_thing, v_alt_pattern_3, v_misc_9,
          vaults_dpeg_doors, grunt_vaults_diagonal, vaults_room_pool,
          ontoclasm_vaults_loading_screen, uniq_aizul
Vaults:2: hangedman_vaults_nodes, v_alt_pattern_1, v_misc_28,
          vaults_room_hangedman_quadrants, vaults_room_fours, serial_shops,
          shop, uniq_wiglaf
Vaults:3: v_pattern_5, v_misc_31, minmay_crypt_entry_simple_statues,
          ontoclasm_vaults_shuriken, v_alt_pattern_5, vaults_mumra_hex,
          hangedman_vaults_locks, vaults_dpeg_hooks, stair_cage_open,
          nicolae_vaults_little_squares_2, mu_enter_wizlab_7
Vaults:4: grunt_vaults_swirl, nicolae_vaults_hallways_thing, vaults_dpeg_ring,
          vaults_room_semicircle, ontoclasm_vaults_ring_large, v_misc_29,
          ontoclasm_vaults_claustrophobia, nicolae_vaults_little_ls,
          nicolae_vaults_border_crossing, v_rooms_3,
          nicolae_vaults_little_squares_4, grunt_vaults_twisty,
          ontoclasm_vaults_decontamination, serial_shops, shop, shop_fountains,
          nicolae_shop_overgrown_old_shop
Crypt:1:  minivault_5, st_small_mortuary
Crypt:3:  cryptofortress_bobbens, uniq_donald, uniq_jorgrun, uniq_mara
Depths:1: grunt_hell_entry_demonic_statue, bh_walls_and_bars,
          nicolae_for_you_no_charge, uniq_asterion
Depths:2: kennysheep_scales, hell_entry, hangedman_abyss_or_decor_stabs,
          st_stairs_10, serial_sigils_hangedman_shear,
          infiniplex_staircase_pillars_3b, firewood_loft
Depths:3: hangedman_crystal_crosses_colossus, pan_entry, hell_entry, abyss_entry
Depths:4: vault_1, hangedman_decor_opposing, hell_entry, abyss_entry,
          kennysheep_generic_room_7
Depths:5: grunt_zot_entry_hairpin, hell_entry, pan_entry,
          hangedman_decor_lopped, serial_bayou_shore_b, serial_bayou_shore_b
Zot:2:    grunt_zot_stairs_mandelzot, st_large_dragon_hoard_3
Zot:3:    grunt_megastairs_2
Zot:5:    lemuel_lake_of_fire
Abyss:5:  guppyfry_abyss_exit_spiral_guarded, evilmike_abyss_rune_siren,
          minivault_23
Lab:      labyrinth_hidden_loot, lab_fountain, lab_statue
Sewer:    sewer_kobolds
IceCv:    ice_cave_caverns_01
WizLab:   wizlab_zonguldrok

Skill      XL: |  1  2  3  4  5  6  7  8  9 10 11 12 13 14 15 16 17 18 19 20 21 22 23 24 25 26 27 |
---------------+----------------------------------------------------------------------------------+-----
Throwing       | 2 3 4 5 6 7 8 9 10 11 12 13 14 15 17 19 21 27 | 27.0
Fighting       | 3 4 5 6 7 8 9 10 11 12 13 14 15 16 17 18 19 20 | 20.6
Dodging        | 3 4 5 6 7 8 9 10 11 12 13 14 15 16 17 18 22 | 22.5
Axes           | 4 5 6 8 9 10 12 13 14 15 16 18 19 20 21 22 | 22.9
Invocations    | 2 4 5 7 8 10 11 12 | 12.1
Spellcasting   | 3 7 8 |  8.0
Charms         | 3 7 9 |  9.0
Air Magic      | 4 9 10 | 10.0
Short Blades   | 5 |  5.4
Necromancy     | 4 |  4.4

Action                   |  1- 3 |  4- 6 |  7- 9 | 10-12 | 13-15 | 16-18 | 19-21 | 22-24 | 25-27 || total
-------------------------+-------+-------+-------+-------+-------+-------+-------+-------+-------++-------
Melee: War axe           |   103 |   183 |   171 |       |       |       |       |       |       ||   457
       Battleaxe         |       |       |   140 |   257 |       |       |       |       |       ||   397
       Executioner's axe |       |       |       |   306 |  1161 |  1124 |   668 |  1600 |  3038 ||  7897
       Pair of quick bla |       |       |       |       |       |       |       |    92 |       ||    92
 Fire: Blowgun           |       |       |       |       |     6 |       |       |       |       ||     6
Throw: Throwing net      |       |     1 |     4 |       |     1 |       |       |       |     9 ||    15
       Javelin           |       |       |       |    11 |    63 |    89 |       |   209 |   702 ||  1074
       Tomahawk          |       |       |       |       |    53 |       |       |       |       ||    53
 Cast: Repel Missiles    |       |       |       |       |       |     1 |       |     6 |     7 ||    14
       Regeneration      |       |       |       |       |       |       |       |    33 |    59 ||    92
       Portal Projectile |       |       |       |       |       |       |       |       |     7 ||     7
       Blink             |       |       |       |       |       |       |       |       |     5 ||     5
       Deflect Missiles  |       |       |       |       |       |       |       |       |     3 ||     3
Invok: Heroism           |       |       |       |     4 |     4 |     6 |     2 |     1 |     6 ||    23
       Finesse           |       |       |       |     2 |       |       |     1 |     1 |     1 ||     5
 Abil: Breathe Lightning |       |       |    24 |    22 |    15 |     1 |       |       |       ||    62
       Fly               |       |       |       |       |     1 |       |       |     1 |     1 ||     3
       Stop Flying       |       |       |       |       |       |       |       |     2 |       ||     2
Evoke: Wand              |       |       |     3 |     2 |       |    20 |       |     1 |     5 ||    31
       Deck              |       |       |     1 |     3 |     2 |     1 |       |       |       ||     7
       Fan of gales      |       |       |       |       |       |     1 |       |       |       ||     1
  Use: Scroll            |       |    11 |     6 |    13 |    17 |    14 |     9 |    19 |    32 ||   121
       Potion            |       |       |     1 |     6 |     2 |     3 |     1 |     4 |     9 ||    26
 Stab: Held in net/web   |       |     1 |     1 |       |       |       |       |       |     3 ||     5
       Sleeping          |       |     1 |       |       |    11 |     2 |     1 |     8 |    17 ||    40
       Invisible         |       |       |       |     1 |       |       |       |       |       ||     1
       Distracted        |       |       |       |       |     2 |     5 |     3 |     6 |    12 ||    28
       Confused          |       |       |       |       |       |       |       |       |     2 ||     2
  Eat: Chunk             |       |     6 |    10 |    27 |    37 |    10 |    11 |    21 |    16 ||   138
       Beef jerky        |       |       |     1 |     2 |     1 |     2 |       |     2 |     3 ||    11
       Meat ration       |       |       |     1 |     1 |     2 |     5 |     1 |     5 |     9 ||    24
       Royal jelly       |       |       |       |     1 |     1 |       |       |       |     1 ||     3
       Pizza             |       |       |       |       |     1 |       |     1 |     5 |     8 ||    15
       Bread ration      |       |       |       |       |       |       |       |     1 |     2 ||     3
       Fruit             |       |       |       |       |       |       |       |       |     5 ||     5
